 Dungeon Crawl Stone Soup version 0.17-a0-1773-ged48617 (webtiles) character file.

84198 MuMo the Severer (level 16, -1/127 HPs)
             Began as a Formicid Fighter on Apr 23, 2016.
             Was the Champion of Qazlal.
             Slain by Rupert
             ... wielding a +2 great sword of draining
              (6 damage)
             ... on level 1 of the Snake Pit.
             The game lasted 00:56:43 (20028 turns).

MuMo the Severer (Formicid Fighter)                Turns: 20028, Time: 00:56:43

Health: -1/127     AC: 25    Str: 27    XL:     16   Next: 27%
Magic:  10/24      EV: 12    Int: 12    God:    Qazlal [******]
Gold:   2297       SH: 20    Dex: 16    Spells: 1 memorised, 7 levels left

rFire  + . .     SeeInvis +     b - +4 battleaxe (vamp)
rCold  + + .     Clarity  .     g - +0 chain mail {rF+}
rNeg   . . .     SustAt   .     c - +1 shield
rPois  +         Gourm    .     (helmet unavailable)
rElec  .         Spirit   .     q - +1 cloak {rC+}
rCorr  .         Warding  .     v - +1 pair of gloves {rC+}
rMut   +         Stasis   +     w - +2 pair of boots
MR     +....                    N - amulet of resist mutation
Stlth  ..........               G - ring of poison resistance
                                Q - +2 ring of dexterity

@: mighty, protected from physical damage, studying Bows, repel missiles,
heavily drained, somewhat resistant to hostile enchantments, extremely
unstealthy
A: permanent stasis, dig shafts and tunnels, four strong arms, antennae 3, icy
blue scales 1, iridescent scales 1, clever 1
a: Dig, Shaft Self, Upheaval, Elemental Force, Disaster Area, Renounce Religion


You were on level 1 of the Snake Pit.
You worshipped Qazlal.
Qazlal was exalted by your worship.
You were very full.

You visited 5 branches of the dungeon, and saw 24 of its levels.
You also visited: Labyrinth, Sewer, Ossuary and Ice Cave.

You collected 3031 gold pieces.
You spent 734 gold pieces at shops.

Inventory:

Hand weapons
 b - a +4 vampiric battleaxe (weapon)
 f - the +8 scimitar of the Lonely Tales {slice, +Blink +Inv rElec Str+3}
   (You found it on level 5 of the Dungeon)

   It inflicts extra damage upon your enemies.
   It affects your strength (+3).
   It insulates you from electricity.
   It lets you turn invisible.
   It lets you blink.
Armour
 a - a +3 plate armour
 c - a +1 shield (worn)
 g - a +0 chain mail of fire resistance (worn)
 j - a +2 robe of magic resistance
 q - a +1 cloak of cold resistance (worn)
 v - a +1 pair of gloves of cold resistance (worn)
 w - a +2 pair of boots (worn)
Rods
 s - a +4 rod of clouds (13/13)
   (You took it off a minotaur in a labyrinth)
Jewellery
 d - an uncursed amulet of clarity
 t - an uncursed ring of sustain attributes
 G - a ring of poison resistance (right hand)
 N - an amulet of resist mutation (around neck)
 Q - a +2 ring of dexterity (left hand)
 R - an uncursed ring of flight
Magical devices
 h - a wand of paralysis (10)
 l - a wand of random effects (7)
 A - a wand of slowing (40)
 F - a wand of polymorph (13)
 I - a wand of lightning (3)
 K - a wand of flame (29)
 O - a wand of digging (12)
 S - a wand of disintegration (14)
 U - a wand of draining (8)
 Y - a wand of fireball (5)
Scrolls
 k - 10 scrolls of remove curse
 x - 6 scrolls of fog
 y - 2 scrolls of recharging
 z - 2 scrolls of fear
 D - 4 scrolls of magic mapping
 H - 2 scrolls of identify
 L - a scroll of immolation
Potions
 i - a potion of cure mutation
 n - a potion of magic
 o - 2 potions of berserk rage
 p - 11 potions of curing
 r - a potion of cancellation
 B - 3 potions of brilliance
 C - a potion of resistance
 E - 2 potions of lignification
Books
 J - a Necronomicon

   Spells                             Type                      Level
   a - Haunt                          Necromancy/Summoning         7
   b - Borgnjor's Revivification      Necromancy                   8
   c - Death's Door                   Charms/Necromancy            8
   d - Necromutation                  Transmutation/Necromancy     8
 P - a book of Death

   Spells                             Type                      Level
   a - Corpse Rot                     Necromancy                   2
   b - Sublimation of Blood           Necromancy                   2
   c - Agony                          Necromancy                   5
   d - Dispel Undead                  Necromancy                   5
   e - Excruciating Wounds            Charms/Necromancy            5
   f - Bolt of Draining               Conjuration/Necromancy       5
 T - a manual of Bows
Miscellaneous
 M - a fan of gales
 X - a box of beasts
Comestibles
 e - 6 bread rations
 m - 16 fruits
 u - 11 meat rations


   Skills:
 - Level 12.1(9.4) Fighting
 - Level 5.2(2.9) Long Blades
 + Level 16.9(13.9) Axes
 - Level 8.2(5.7) Armour
 - Level 10.5(7.8) Dodging
 - Level 0.6(0.0) Stealth
 - Level 9.2(6.6) Shields
 * Level 11.5(8.7) Invocations
 - Level 0.7(0.0) Evocations


You had 7 spell levels left.
You knew the following spells:

 Your Spells              Type           Power        Failure   Level  Hunger
a - Necromutation         Trmt/Necr      #.........   100%        8    #######


Dungeon Overview and Level Annotations

Branches:
Dungeon (10/15)            Temple (1/1) D:5            Lair (8/8) D:9
 Shoals (0/7) Lair:4        Snake (1/7) Lair:4        Slime (0/6) Lair:7
    Orc (4/4) D:10            Elf (0/3) Orc:3

Altars:
Ashenzari
Cheibriados
Dithmenos
Elyvilon
Fedhas
Gozag
Kikubaaqudgha
Makhleb
Nemelex Xobeh
Okawaru
Qazlal
Ru
Sif Muna
Trog
Vehumet
Xom
Yredelemnul
Zin
The Shining One
Beogh
Jiyva

Shops:
D:10 *   Orc:3 }(   Orc:4 [[=%   Snake:1 *

Annotations:
Snake:1 Rupert


Innate Abilities, Weirdness & Mutations

You are under a permanent stasis effect.
You can dig through walls and to a lower floor.
Your four strong arms can wield two-handed weapons with a shield.
You have a pair of large antennae on your head (SInv).
You are partially covered in icy blue scales (AC +1).
You are partially covered in iridescent scales (AC +4).
Your mind is acute. (Int +2)


Message History

You kill the black mamba!
Qazlal accepts your kill. You block the black mamba's attack.
Rupert hits you with a great sword of draining!
* * * LOW HITPOINT WARNING * * *
You feel more protected from physical attacks.
You feel drained. You block the black mamba's attack.
Unknown command.
Unknown command.
Use which ability?
Nature churns violently around you!
The blast of rubble hits the naga.
The naga is almost dead.
Rupert closely misses you. You block the black mamba's attack.
The black mamba closely misses you.
Rupert hits you with a great sword of draining!
* * * LOW HITPOINT WARNING * * *
You feel more protected from physical attacks.
You feel drained.
You die...

..(.####
#......#### #..
####.......... ...
#.<.)).[..... ..#.
#...#).[.### .....
#...#.)..####...#
#####...§§.#.§###.
#..∩.§§†..≈...
#....§@@§.≈...
##..§.§S..≈...
#...####.≈.#.
##### ≈$N. ... .#
.


You could see Rupert (berserk), a black mamba and a naga.

Vanquished Creatures
  Snorg (Lair:4)
  A minotaur (Lab)
  7 hydras
  Fannar (Orc:1)
  3 orc high priests (Orc:4)
  3 catoblepae (Lair:8)
  22 death yaks
  A shock serpent (Snake:1)
  Urug (Orc:2)
  Sonja (Lair:4)
  Nergalle (Orc:1)
  The ghost of MuMo the Covert, an experienced DsGl (Orc:2)
  A hill giant (D:10)
  An ice statue (IceCv)
  5 orc knights
  A necromancer (IceCv)
  An oklob plant (Lair:5)
  5 orc sorcerers (Orc:4)
  A salamander (Snake:1)
  A cyclops (D:8)
  An ugly thing (D:8)
  3 griffons
  7 elephants
  6 black mambas
  A siren (Lair:4)
  Psyche (D:9)
  A naga mage (Snake:1)
  4 spiny frogs
  A kobold demonologist (D:8)
  2 fire drakes
  10 freezing wraiths (IceCv)
  6 komodo dragons
  3 polar bears
  4 trolls
  2 two-headed ogres
  Prince Ribbit (D:9)
  A minotaur skeleton (Lab)
  17 blink frogs
  2 deep elf magi (D:10)
  2 trapdoor spiders (Lab)
  62 yaks
  A basilisk (Lair:7)
  A wraith (D:8)
  9 hungry ghosts (Lab)
  A warg (Orc:2)
  2 hippogriffs
  4 wolves
  A death yak simulacrum (IceCv)
  16 porcupines
  A mottled dragon (D:9)
  15 water moccasins
  5 nagas
  6 phantoms
  22 orc warriors
  6 ice beasts (IceCv)
  2 wasps (D:8)
  16 ogres
  A black bear (Lair:2)
  5 centaurs
  27 crocodiles
  3 elf zombies
  A gnoll sergeant (D:8)
  A brain worm (Lair:7)
  A big kobold (D:8)
  An elf skeleton (D:7)
  An earth elemental (Lab)
  25 giant frogs
  7 scorpions
  16 killer bees
  A swamp dragon simulacrum (IceCv)
  2 elephant simulacra (IceCv)
  9 wights
  5 draconian simulacra (IceCv)
  4 crimson imps
  5 centaur zombies
  6 hounds
  6 electric eels
  A gnoll shaman (D:8)
  3 jellies
  A wasp zombie (D:8)
  A giant frog skeleton (D:9)
  25 orc priests
  Ijyb (D:3)
  2 centaur skeletons
  2 human skeletons (D:7)
  13 iguanas
  24 orc wizards
  A spriggan simulacrum (IceCv)
  11 worker ants
  2 hell rats (Lair:6)
  27 sheep
  2 troll simulacra (IceCv)
  3 centaur simulacra (IceCv)
  2 mummies (Ossuary)
  14 gnolls
  5 naga simulacra (IceCv)
  Robin (D:3)
  A worker ant zombie (D:9)
  24 adders
  58 river rats
  3 ogre simulacra (IceCv)
  4 shadow imps
  12 white imps (IceCv)
  2 oozes
  3 adder zombies
  3 adder skeletons
  3 worms
  10 giant geckos
  159 orcs
  10 ball pythons (Sewer)
  6 bats
  9 giant cockroaches
  4 hobgoblins (D:3)
  12 jackals
  9 kobolds
  A giant gecko zombie (D:5)
  7 giant newts
  16 goblins
  2 goblin zombies (Ossuary)
  4 hobgoblin zombies (Ossuary)
  2 jackal zombies
  9 kobold zombies (Ossuary)
  6 orc skeletons (D:7)
  10 orc zombies
  3 quokkas
  A quokka skeleton (D:5)
  33 rats
  3 rat zombies (Ossuary)
  86 fungi
  48 plants
1135 creatures vanquished.

Vanquished Creatures (others)
  An orc wizard (D:4)
  A naga simulacrum (IceCv)
  5 fungi
  6 plants
13 creatures vanquished.

Grand Total: 1148 creatures vanquished

Notes
Turn   | Place    | Note
--------------------------------------------------------------
     0 | D:1      | MuMo the Formicid Fighter began the quest for the Orb.
     0 | D:1      | Reached XP level 1. HP: 18/18 MP: 1/1
   107 | D:1      | Reached XP level 2. HP: 24/24 MP: 2/2
   412 | D:2      | Reached skill level 4 in Shields
   412 | D:2      | Reached XP level 3. HP: 29/29 MP: 3/3
   541 | D:2      | Reached XP level 4. HP: 36/36 MP: 4/4
   794 | D:3      | Noticed Ijyb
   814 | D:3      | Killed Ijyb
  1113 | D:3      | Reached XP level 5. HP: 42/42 MP: 5/5
  1220 | D:3      | Found a shattered altar of Ashenzari.
  1246 | D:3      | Noticed Robin
  1258 | D:3      | Killed Robin
  1581 | D:2      | Reached XP level 6. HP: 48/48 MP: 6/6
  1586 | D:2      | Reached skill level 1 in Dodging
  1586 | D:2      | Reached skill level 5 in Shields
  1608 | D:3      | Reached XP level 7. HP: 52/55 MP: 7/7
  1955 | D:4      | Reached skill level 5 in Axes
  2138 | D:4      | Reached skill level 6 in Shields
  2198 | D:4      | Reached XP level 8. HP: 61/61 MP: 8/8
  2297 | D:4      | Reached skill level 5 in Fighting
  2560 | D:5      | Entered Level 5 of the Dungeon
  2600 | D:5      | Found a staircase to the Ecumenical Temple.
  2609 | Temple   | Entered the Ecumenical Temple
  2706 | Temple   | Became a worshipper of Qazlal Stormbringer
  3125 | D:5      | Found a glowing drain.
  3134 | Sewer    | Entered a sewer
  3158 | Sewer    | Reached skill level 7 in Axes
  3169 | Sewer    | Acquired Qazlal's first power
  3303 | Sewer    | Acquired Qazlal's second power
  3310 | Sewer    | Reached XP level 9. HP: 68/68 MP: 9/9
  4319 | D:5      | Got a slimy scimitar
  4320 | D:5      | Identified the +8 scimitar of the Lonely Tales {slice, +Blink +Inv rElec Str+3} (You found it on level 5 of the Dungeon)
  4575 | D:6      | Reached skill level 8 in Axes
  4575 | D:6      | Reached skill level 5 in Armour
  5193 | D:7      | Reached skill level 1 in Long Blades
  5288 | D:7      | Found a sand-covered staircase.
  5303 | Ossuary  | Entered an ossuary
  5310 | Ossuary  | Acquired Qazlal's third power
  5470 | Ossuary  | Acquired Qazlal's fourth power
  5489 | D:7      | Reached XP level 10. HP: 76/76 MP: 10/10
  6126 | D:7      | Reached skill level 9 in Axes
  6256 | D:8      | Reached skill level 5 in Long Blades
  6373 | D:8      | Acquired Qazlal's fifth power
  6497 | D:8      | Found a shadowy altar of Dithmenos.
  6537 | D:8      | Noticed a cyclops
  6545 | D:8      | Killed a cyclops
  6545 | D:8      | Reached skill level 1 in Invocations
  6589 | D:8      | Reached XP level 11. HP: 78/84 MP: 12/12
  6714 | D:8      | Noticed a purple ugly thing
  6730 | D:8      | Killed a purple ugly thing
  6734 | D:8      | Gained mutation: Your spells are a little harder to cast, but a little more powerful. [mutagenic meat]
  6735 | D:8      | Gained mutation: Your spells are harder to cast, but more powerful. [mutagenic meat]
  6736 | D:8      | Gained mutation: You are partially covered in icy blue scales (AC +1). [mutagenic meat]
  7065 | D:9      | Noticed Prince Ribbit
  7084 | D:9      | Reached skill level 10 in Axes
  7140 | D:9      | Reached skill level 5 in Dodging
  7147 | D:9      | Noticed Psyche
  7149 | D:9      | Killed Psyche
  7214 | D:9      | Killed Prince Ribbit
  7345 | D:9      | Reached skill level 5 in Invocations
  7451 | D:9      | Found a staircase to the Lair.
  7555 | D:9      | Found a blossoming altar of Fedhas.
  7931 | D:10     | Entered Level 10 of the Dungeon
  8031 | D:10     | Noticed a seven-headed hydra
  8033 | D:10     | Reached XP level 12. HP: 95/95 MP: 14/16
  8046 | D:10     | Killed a 12-headed hydra
  8090 | D:10     | Noticed a hill giant
  8097 | D:10     | Killed a hill giant
  8291 | D:10     | Found a staircase to the Orcish Mines.
  8497 | D:10     | Found Joewei's General Store.
  8505 | D:10     | Bought a scroll of identify for 32 gold pieces
  8613 | Orc:1    | Entered Level 1 of the Orcish Mines
  8623 | Orc:1    | Noticed Fannar
  8638 | Orc:1    | Killed Fannar
  8722 | Orc:2    | Noticed MuMo's ghost (experienced DsGl)
  8732 | Orc:2    | Killed MuMo's ghost
  8808 | Orc:1    | Found a frozen archway.
  8853 | IceCv    | Entered an ice cave
  8978 | IceCv    | Reached skill level 10 in Fighting
  9018 | IceCv    | Reached XP level 13. HP: 103/103 MP: 18/18
  9035 | IceCv    | Reached skill level 11 in Axes
  9105 | IceCv    | Found an ancient bone altar of Kikubaaqudgha.
  9472 | IceCv    | Learned a level 8 spell: Necromutation
  9627 | Orc:1    | Noticed Nergalle
  9684 | Orc:1    | Killed Nergalle
  9983 | Orc:2    | Noticed Urug
  9998 | Orc:2    | Killed Urug
  9999 | Orc:2    | HP: 5/104 [orc priest/divine providence (11)]
 10575 | Orc:3    | Found Goetan's Gadget Shop.
 10716 | Orc:3    | Found a roughly hewn altar of Beogh.
 10734 | Orc:3    | Found a staircase to the Elven Halls.
 10741 | Orc:3    | Found Jeamufucull's Weapon Shoppe.
 11089 | Orc:4    | Entered Level 4 of the Orcish Mines
 11544 | Orc:4    | Found a roughly hewn altar of Beogh.
 11620 | Orc:4    | Reached skill level 12 in Axes
 11659 | Orc:4    | Lost mutation: Your spells are harder to cast, but more powerful. [potion of cure mutation]
 11659 | Orc:4    | Lost mutation: Your spells are a little harder to cast, but a little more powerful. [potion of cure mutation]
 12154 | Orc:4    | Found Guroza's Armour Boutique.
 12158 | Orc:4    | Found Luubboggy's Antique Armour Shoppe.
 12164 | Orc:4    | Found Moimmeam's Jewellery Shoppe.
 12166 | Orc:4    | Found Ypnesouh's Food Boutique.
 12172 | Orc:4    | Bought an uncursed amulet of clarity for 300 gold pieces
 12184 | Orc:4    | Bought a glowing chain mail for 139 gold pieces
 12184 | Orc:4    | Bought a glowing chain mail for 139 gold pieces
 12184 | Orc:4    | Bought a shiny ring mail for 124 gold pieces
 12837 | Lair:1   | Entered Level 1 of the Lair of Beasts
 12900 | Lair:1   | Reached XP level 14. HP: 113/113 MP: 20/20
 13498 | Lair:2   | Reached skill level 10 in Dodging
 13668 | Lair:2   | Reached skill level 13 in Axes
 14077 | Lair:2   | Gained mutation: You are partially covered in iridescent scales (AC +4). [potion of mutation]
 14077 | Lair:2   | Gained mutation: Your mind is acute. (Int +2) [potion of mutation]
 15167 | Lair:4   | Found a staircase to the Snake Pit.
 15168 | Lair:4   | Found a labyrinth entrance.
 15169 | Lair:4   | Noticed Sonja
 15184 | Lab      | Entered a labyrinth
 15644 | Lab      | Got a pitted dagger
 15645 | Lab      | Identified the +8 dagger "Kab Veph" {speed, Str+4 Int-2 SInv} (You found it in a labyrinth)
 15766 | Lair:4   | Killed Sonja
 15856 | Lair:4   | Noticed Snorg
 15865 | Lair:4   | Killed Snorg
 15909 | Lair:4   | Reached skill level 14 in Axes
 16116 | Lair:4   | Found a staircase to the Shoals.
 17205 | Lair:6   | Reached skill level 10 in Invocations
 17232 | Lair:6   | Reached XP level 15. HP: 120/120 MP: 22/22
 18007 | Lair:7   | Reached skill level 15 in Axes
 18045 | Lair:7   | Found a staircase to the Slime Pits.
 18045 | Lair:7   | Found a viscous altar of Jiyva.
 18584 | Lair:8   | Entered Level 8 of the Lair of Beasts
 18744 | Lair:8   | Found a snail-covered altar of Cheibriados.
 18944 | Lair:8   | Reached skill level 16 in Axes
 18974 | Lair:8   | Reached XP level 16. HP: 127/127 MP: 24/24
 19980 | Snake:1  | Entered Level 1 of the Snake Pit
 19984 | Snake:1  | Found Taetapro's Tempting Trifles.
 20012 | Snake:1  | Noticed Rupert
 20028 | Snake:1  | HP: 5/127 [Rupert/great sword of draining (14)]
 20028 | Snake:1  | Slain by Rupert

Vault maps used:
D:1:      minmay_arrival_shattered_statue
D:2:      first_bread
D:3:      cheibrodos_ashenzari_chains, uniq_iyjb, uniq_robin
D:5:      lemuel_temple_firewalk, portal_sewer_entry_d
D:6:      minmay_misc_feat_x, serial_bayou_lake_a
D:7:      serial_bayou, serial_bayou_pond_b, serial_bayou_pond_c,
          serial_bayou_shore_b, serial_bayou_crossing,
          nicolae_ossuary_entry_catacombs
D:8:      minmay_quarter_circles, grunt_dithmenos_smoke
D:9:      cheibrodos_stairvault_heist, erik_lair_dragon, hangedman_tree_tricks,
          minmay_misc_feat_more_columns, uniq_psyche, uniq_prince_ribbit1
D:10:     minmay_distorted_concentric_squares, serial_shops,
          kennysheep_little_box
Temple:   kilobyte_greek_temple_18
Lair:1:   st_stairs_7, bh_autumn_forest_stairs, serial_bayou_shore_a
Lair:2:   grunt_megastairs_1
Lair:3:   serial_bayou_pond_b, minivault_19, patterned_corridor
Lair:4:   minmay_shoals_entry_lonely_mermaid, guppyfry_snake_entry_island,
          lab_entry_generic, infiniplex_staircase_pool_2, uniq_sonja, uniq_snorg
Lair:5:   st_stairs_12, dpeg_stationary_puzzle
Lair:6:   kennysheep_rathole
Lair:7:   slime_altar_1
Lair:8:   evilmike_catoblepas_cave, serial_forest,
          infiniplex_forest_clump_double, infiniplex_forest_lined_room_2,
          infiniplex_forest_split, infiniplex_forest_end_2,
          infiniplex_forest_lined_ring, infiniplex_forest_clump_diagonal,
          infiniplex_forest_clump_double, infiniplex_forest_lined_2,
          kennysheep_snail_temple
Snake:1:  nicolae_alphabet_shops, uniq_josephine, uniq_rupert
Orc:1:    portal_ice_cave_entry_animals_and_master, uniq_fannar, uniq_nergalle
Orc:2:    minmay_goldmine, uniq_urug
Orc:3:    basic_altar, serial_shops, shop, shop, nicolae_orc_pool_cavern
Orc:4:    st_orc_elflike, basic_altar
Lab:      labyrinth_watery, lab_statue, nicolae_lab_very_dead_end,
          nicolae_lab_plus, nicolae_lab_stuck, nicolae_lab_flowing_pool,
          lab_block, nicolae_lab_blocks, nicolae_lab_dead_end, lab_hedge,
          labyrinth_glass_1, nicolae_lab_x, nicolae_lab_lava,
          nicolae_lab_do_over, labyrinth_fake_exit, labyrinth_skeletal_remains,
          nicolae_lab_garden
Sewer:    sewer_minmay_w
Ossuary:  ossuary_tomb_1
IceCv:    ice_cave_small_necro

Action                   |  1- 3 |  4- 6 |  7- 9 | 10-12 | 13-15 | 16-18 || total
-------------------------+-------+-------+-------+-------+-------+-------++-------
Melee: War axe           |    75 |   121 |   373 |       |       |       ||   569
       Scimitar          |       |       |   133 |   579 |   288 |       ||  1000
       Battleaxe         |       |       |       |    15 |   838 |    93 ||   946
Invok: Upheaval          |       |       |       |     2 |     1 |       ||     3
       Disaster Area     |       |       |       |       |       |     2 ||     2
 Abil: Dig               |       |       |     2 |     3 |     7 |       ||    12
Evoke: Wand              |       |       |       |     2 |     3 |       ||     5
  Use: Potion            |       |     3 |     1 |     4 |     8 |     1 ||    17
       Scroll            |       |     2 |    15 |    11 |    10 |     3 ||    41
 Stab: Invisible         |       |       |       |     4 |     1 |       ||     5
  Eat: Beef jerky        |       |       |     1 |     2 |       |       ||     3
       Chunk             |       |       |       |     3 |     1 |       ||     4
       Meat ration       |       |       |       |     1 |       |       ||     1
       Fruit             |       |       |       |       |     6 |       ||     6
       Pizza             |       |       |       |       |     2 |       ||     2
       Bread ration      |       |       |       |       |     1 |       ||     1
